 Dungeon Crawl Stone Soup version 0.28-a0-313-gbc0475efdd (webtiles) character file.

Game seed: 8022713573707830635

1173 robertstho the Covered (level 8, -13/51 HPs)
             Began as a Gargoyle Cinder Acolyte on Aug 31, 2021.
             Was a Believer of Ignis.
             Killed by divine providence
             ... invoked by an orc priest
              (16 damage)
             ... on level 7 of the Dungeon.
             The game lasted 00:07:18 (7524 turns).

robertstho the Covered (Gargoyle Cinder Acolyte)    Turns: 7524, Time: 00:07:19

Health: -13/51     AC: 20    Str: 19    XL:     8   Next: 41%
Magic:  9/9        EV:  8    Int: 16    God:    Ignis [**....]
Gold:   268        SH:  0    Dex:  5    Spells: 8/9 levels left

rFire   + + +      SeeInvis +   v - +8 trident "Vemyozet" {flame, rF++ SInv Stlth+}
rCold   . . .      Faith    .   (no shield)
rNeg    + . .      Spirit   .   r - +0 chain mail
rPois   ∞          Reflect  .   (no helmet)
rElec   +          Harm     .   o - +2 cloak
rCorr   +          Rampage  .   (no gloves)
Will    .....                   u - +0 pair of boots
Stlth   ..........              (no amulet)
HPRegen 0.17/turn               d - ring of flight
MPRegen 0.11/turn               g - ring of resist corrosion

@: flying
A: sickness immunity, AC +5, negative energy resistance 1, electricity
resistance, torment resistance 1, petrification resistance
a: Renounce Religion, Sea of Fire, Foxfire Swarm, Rising Flame


You were on level 7 of the Dungeon.
You worshipped Ignis.
Ignis was pleased with you.
You visited 2 branches of the dungeon, and saw 8 of its levels.

You collected 268 gold pieces.

Inventory:

Hand Weapons
 a - a -1 mace of flaming
 v - the +8 trident "Vemyozet" (weapon) {flame, rF++ SInv Stlth+}
   (You found it on level 4 of the Dungeon)

   It burns those it strikes, dealing additional fire damage.
   rF:        It greatly protects you from fire.
   SInv:      It lets you see invisible.
   Stlth:     It makes you more stealthy.
Armour
 o - a +2 cloak (worn)
 r - a +0 chain mail (worn)
 u - a +0 pair of boots (worn)
 x - +0 acid dragon scales
Jewellery
 d - a ring of flight (left hand)
 g - a ring of resist corrosion (right hand)
Wands
 l - a wand of polymorph (4)
 p - a wand of paralysis (5)
Scrolls
 c - a scroll of teleportation
 k - a scroll of acquirement {unknown}
 m - a scroll of noise {unknown}
 q - a scroll of fear
 s - a scroll of immolation
 t - a scroll of amnesia
Potions
 b - 2 potions of attraction
 e - 4 potions of haste {unknown}
 h - a potion of might {unknown}
 i - a potion of curing {unknown}
 j - a potion of lignification {unknown}
 n - a potion of cancellation {unknown}
 w - a potion of heal wounds {unknown}


   Skills:
 * Level 5.9 Fighting
 + Level 4.5 Maces & Flails
 + Level 2.7 Polearms
 * Level 7.2 Armour
 + Level 1.2 Dodging
 + Level 2.0 Stealth
 + Level 1.0 Spellcasting
 + Level 1.0 Fire Magic
 + Level 0.1 Evocations


You had 8 spell levels left.
You knew the following spells:

 Your Spells              Type           Power      Damage    Failure   Level
a - Foxfire               Conj/Fire      8%         2x1d4     86%         1

Your spell library contained the following spells:

 Spells                   Type           Power      Damage    Failure   Level
 Summon Small Mammal      Summ           0%         N/A       91%         1
 Call Canine Familiar     Summ           0%         N/A       99%         3
 Summon Guardian Golem    Hex/Summ       0%         N/A       99%         3


Dungeon Overview and Level Annotations

Branches:
Dungeon (7/15)             Temple (1/1) D:5

Altars:
Ashenzari
Cheibriados
Dithmenos
Elyvilon
Fedhas
Gozag
Kikubaaqudgha
Makhleb
Nemelex Xobeh
Okawaru
Ru
Sif Muna
Trog
Uskayaw
Vehumet
Wu Jian
The Shining One

Annotations:
D:3 2 runed translucent doors, robertstho's ghost, amateur DjFE


Innate Abilities, Weirdness & Mutations

You are immune to sickness and miasma.
Your stone body is resilient. (AC +5)
You are immune to poison.
You resist negative energy. (rN+)
You are resistant to electric shocks. (rElec)
You are resistant to unholy torment.
You are immune to petrification.


Message History

The gnoll sergeant hits you from afar with a +5 vorpal trident!
* * * LOW HITPOINT WARNING * * *
x2
There is an escape hatch in the floor here.
You fly downwards.
The hatch slams shut behind you.
As you read the scroll of teleportation, it crumbles to dust.
You feel strangely unstable.
As you read the scroll of identify, it crumbles to dust.
s - a scroll of immolation Reach: v) +8 trident "Vemyozet" {flame, rF++ SInv Stlth+}
Press: ? - help, Dir - move target, f - centaur skeleton
Aim: a centaur skeleton (about 2% to evade the +8 trident "Vemyozet")
You reach to attack!
You impale the centaur skeleton!! You burn the centaur skeleton!
The centaur skeleton is almost destroyed.
Reach: v) +8 trident "Vemyozet" {flame, rF++ SInv Stlth+}
Press: ? - help, Dir - move target, f/p - centaur skeleton
Aim: a centaur skeleton (almost destroyed, about 2% to evade the +8 trident "Vemyozet")
You hit the centaur skeleton. You burn the centaur skeleton.
You destroy the centaur skeleton!
You start resting.
Your surroundings suddenly seem different.
An orc warrior, 2 orc priests and 2 orc wizards come into view.
An orc priest is wielding a +1 mace of protection.
Found a stone staircase leading up.
The orc wizard shouts!
The orc priest shouts!
The orc wizard shouts!
The orc priest shouts!
You hear a shout! x2
An orc comes into view. It is wielding a +0 mace.
An orc comes into view. It is wielding a +0 hand axe.
An orc priest comes into view.
It is wielding a +0 antimagic short sword.
An orc comes into view. It is wielding a +0 flail.
The orc shouts! x2; You hear a shout!
An ice beast comes into view.
The orc priest calls down the wrath of Beogh upon you.
Beogh smites you!
* * * LOW HITPOINT WARNING * * *
An orc priest comes into view. It is wielding a +0 flail.
Found a shimmering blue altar of Sif Muna.
The orc priest invokes the aid of Beogh against you.
Beogh smites you!
You die...

... #.# # .. ##.#
.# . .....####.##
.. .#.........
_.. ..........
.... #....o....
..... #.......o.
......##.........
.....<.@..o..o...
......##.....o...
..... #o........
#### #.........
o.........
o....#####
.o..o.# ##..Y.#


You could see an orc warrior, an ice beast, 2 orc priests, 2 orc wizards and an
orc.

Vanquished Creatures
  An acid dragon (D:6)
  An ogre (D:4)
  A necrophage (D:6)
  An ice beast (D:5)
  2 black bears (D:6)
  A phantom (D:5)
  A gnoll sergeant (D:5)
  A howler monkey (D:3)
  A centaur skeleton (D:7)
  4 hounds
  An orc priest (D:2)
  A bullfrog skeleton (D:5)
  An iguana (D:6)
  Terence (D:3)
  4 gnolls
  7 adders
  An adder skeleton (D:4)
  2 worms
  2 dart slugs
  11 orcs
  8 bats
  9 endoplasms
  6 goblins
  4 hobgoblins
  3 quokkas
  3 ball pythons
  3 frilled lizards
  9 kobolds
  5 rats
95 creatures vanquished.

Vanquished Creatures (others)
  48 foxfires
  A fungus (D:2)
49 creatures vanquished.

Grand Total: 144 creatures vanquished

Notes
Turn   | Place    | Note
-------+----------+-------------------------------------------
     0 | D:1      | robertstho the Gargoyle Cinder Acolyte began the quest for
                  | the Orb.
     0 | D:1      | Reached XP level 1. HP: 14/14 MP: 2/2
   225 | D:1      | Reached XP level 2. HP: 18/20 MP: 3/3
  1214 | D:1      | Reached XP level 3. HP: 24/24 MP: 4/4
  1635 | D:2      | Reached XP level 4. HP: 5/30 MP: 5/5
  2056 | D:2      | Reached skill level 1 in Armour
  2765 | D:2      | Found a faded altar of an unknown god.
  3096 | D:3      | Reached XP level 5. HP: 32/34 MP: 6/6
  3137 | D:3      | Found a runed translucent door.
  3140 | D:3      | Noticed robertstho's ghost (amateur DjFE)
  3516 | D:3      | Noticed Ijyb
  3517 | D:3      | Noticed Ijyb
  3517 | D:3      | Ijyb changed into Ijyb the howler monkey
  3528 | D:3      | Killed Ijyb the howler monkey
  3529 | D:3      | Reached skill level 2 in Armour
  3694 | D:3      | Found a runed translucent door.
  3710 | D:3      | Noticed Terence
  3730 | D:3      | Killed Terence
  3731 | D:3      | Reached skill level 1 in Dodging
  3731 | D:3      | Reached skill level 1 in Stealth
  4476 | D:4      | Found a broken altar of Ashenzari.
  4743 | D:4      | Reached XP level 6. HP: 27/40 MP: 7/7
  4856 | D:4      | Reached skill level 3 in Armour
  5313 | D:4      | Reached skill level 5 in Fighting
  5314 | D:4      | Identified the +8 trident "Vemyozet" {flame, rF++ SInv
                  | Stlth+}
  5385 | D:4      | Found a burning altar of Makhleb.
  5493 | D:5      | Entered Level 5 of the Dungeon
  5510 | D:4      | Reached skill level 4 in Armour
  5681 | D:5      | Reached XP level 7. HP: 23/44 MP: 8/8
  5928 | D:5      | Found a staircase to the Ecumenical Temple.
  5948 | Temple   | Entered the Ecumenical Temple
  6468 | D:5      | Reached skill level 1 in Polearms
  6496 | D:5      | Reached skill level 5 in Armour
  7146 | D:6      | Reached skill level 6 in Armour
  7215 | D:6      | Reached XP level 8. HP: 46/51 MP: 9/9
  7271 | D:6      | Identified the +8 quarterstaff "Wiruthax" {vorpal, Dex+3}
  7369 | D:6      | Reached skill level 7 in Armour
  7524 | D:7      | Found a shimmering blue altar of Sif Muna.
  7524 | D:7      | Killed from afar by an orc priest

Illustrated notes

Levels and vault maps discovered:
D:1:      dpeg_arrival_rooms_a, layout_basic
D:2:      layout_basic, shapermc_ecumenical_altar_mp_urbaneastern,
          chequers_serial_rivers_micro_b
D:3:      layout_basic, ebering_ghost_sewer_f, uniq_terence, uniq_ijyb
D:4:      layout_basic, lightli_temple_of_fire, mainiacjoe_overflow_alcove_2,
          minmay_door_square
D:5:      layout_loops_ring, minmay_temple_entry_tees
D:6:      layout_basic
D:7:      layout_basic, nicolae_yredelemnul_corpse_copse,
          nicolae_qazlal_eye_of_the_storm, grunt_temple_overflow_open,
          minmay_misc_feat_pillars
Temple:   eino_temple_water

Skill      XL: |  1  2  3  4  5  6  7  8 |
---------------+-------------------------+-----
Fighting       | 4 5 |  5.9
Armour         | 1 2 4 6 7 |  7.2
Maces & Flails | 4 |  4.5
Dodging        | 1 |  1.2
Stealth        | 1 2 |  2.0
Polearms       | 2 |  2.7
Spellcasting   | |  1.0
Fire Magic     | |  1.0
Evocations     | |  0.1

Action                   |  1- 3 |  4- 6 |  7- 9 || total
-------------------------+-------+-------+-------++-------
Melee: Mace              |    89 |   228 |       ||   317
       Trident           |       |    20 |    58 ||    78
 Cast: Foxfire           |     2 |       |       ||     2
Invok: Sea of Fire       |     2 |       |       ||     2
       Foxfire Swarm     |     1 |       |     2 ||     3
       Rising Flame      |       |     1 |       ||     1
Evoke: Wand              |       |     4 |     1 ||     5
  Use: Potion            |       |     1 |       ||     1
       Scroll            |       |     4 |     2 ||     6
 Stab: Paralysed         |       |     5 |       ||     5
Armor: Robe              |    36 |    12 |       ||    48
       Scale mail        |       |   102 |       ||   102
       Chain mail        |       |    63 |    43 ||   106
Dodge: Dodged            |    56 |   155 |    23 ||   234

Table legend: (Time is in decaauts)
 A = Elapsed time spent in this place.
 B = Non-inter-level travel time spent in this place.
 C = Inter-level travel time spent in this place.
 D = Time resting spent in this place.
 E = Time spent auto-exploring this place.
 F = Levels seen in this place.
 G = Mean time per level.
                   A        B        C        D        E       F      G
               +--------+--------+--------+--------+--------+-----+--------+
         Total |   7614 |   7183 |    431 |   1475 |   4723 |   8 |  951.8 |
       Dungeon |   7159 |   6756 |    403 |   1475 |   4309 |   7 | 1022.7 |
        Temple |    454 |    426 |     28 |      0 |    414 |   1 |  454.0 |
               +--------+--------+--------+--------+--------+-----+--------+

Top non-repeatable levels by time:
     D:1: 1836 daAuts
     D:2: 1446 daAuts
     D:3: 1408 daAuts
     D:4: 1284 daAuts
     D:5: 752 daAuts
  Temple: 454 daAuts
     D:6: 424 daAuts
     D:7: 8 daAuts
